 Dungeon Crawl Stone Soup version 0.24-a0-181-gd121a6d (webtiles) character file.

Game seed: 1924754149559435591

311 dstrtn the Sneak (level 6, 45/45 HPs)
             Began as an Octopode Wanderer on Mar 13, 2019.
             Quit the game in the Ecumenical Temple on Mar 14, 2019.
             The game lasted 00:12:56 (3430 turns).

dstrtn the Sneak (Octopode Wanderer)                Turns: 3430, Time: 00:12:57

Health: 45/45      AC:  1    Str: 13    XL:     6   Next: 42%
Magic:  9/9        EV: 12    Int: 13    God:
Gold:   139        SH:  0    Dex: 13    Spells: 9/9 levels left

rFire    . . .     SeeInvis .   w - +3 dagger (venom)
rCold    . . .     Gourm    .   (no shield)
rNeg     . . .     Faith    .   (helmet restricted)
rPois    .         Spirit   .   (no amulet)
rElec    .         Reflect  .   (no ring)
rCorr    .         Harm     .   (no ring)
MR       .....                  (no ring)
Stlth    ++++......             (no ring)
HPRegen  0.15/turn              (no ring)
MPRegen  0.11/turn              (no ring)
                                (no ring)
                                (no ring)

@: no status effects
A: almost no armour, stealthy swim, amphibious, 8 rings, constrict 8, camouflage
1, gelatinous body 1
a: no special abilities


You were in the Ecumenical Temple.
You were not hungry.

You visited 2 branches of the dungeon, and saw 5 of its levels.

You collected 139 gold pieces.

Inventory:

Hand Weapons
 a - a +2 hand crossbow
 w - a +3 dagger of venom (weapon)
   (You took it off a goblin on level 2 of the Dungeon)
Missiles
 b - 11 bolts
 e - 120 stones
 j - 4 tomahawks (quivered)
 m - 7 needles of frenzy
 o - 14 poisoned needles
 x - 47 arrows
 y - 21 sling bullets
Jewellery
 q - an uncursed amulet of the gourmand {unknown}
   (You found it on level 3 of the Dungeon)
 v - a cursed -3 ring of strength {unknown}
   (You found it on level 3 of the Dungeon)
Scrolls
 d - 2 scrolls of teleportation {@r5!d}
 h - 2 scrolls of remove curse {@r2}
 k - a scroll of random uselessness {unknown}
 n - a scroll of blinking {unknown}
 p - a scroll of enchant weapon {unknown}
 s - a scroll of fear {unknown}
 u - 3 scrolls of fog {unknown}
Potions
 c - 2 potions of curing {@q1}
 g - a potion of cancellation {unknown}
 i - 3 potions of heal wounds {@q2}
 l - 3 potions of mutation
 r - a potion of ambrosia {unknown}
 t - a potion of degeneration {unknown}
Comestibles
 f - 8 rations {!d}
 z - a chunk of flesh


   Skills:
 + Level 4.9 Fighting
 - Level 2.0 Short Blades
 - Level 3.0 Crossbows
 - Level 5.2 Stealth
 - Level 2.0 Spellcasting
   Level 1.0 Ice Magic
   Level 1.1 Evocations


You had 9 spell levels left.
You didn't know any spells.
Your spell library was empty.

Dungeon Overview and Level Annotations

Branches:
Dungeon (4/15)             Temple (1/1) D:4

Altars:
Cheibriados
Elyvilon
Fedhas
Kikubaaqudgha
Okawaru
Qazlal
Ru
Sif Muna
Trog
Uskayaw
Vehumet
Xom

Annotations:
D:4 Sigmund


Innate Abilities, Weirdness & Mutations

You cannot wear most types of armour.
You are very stealthy in the water. (Stealth+)
You are amphibious.
You can wear up to eight rings at the same time.
You can use your tentacles to constrict eight enemies at once.
Your skin changes colour to match your surroundings (Stealth+).
Your rubbery body absorbs attacks. (AC +1, EV +1)


Message History

Eating a chunk of flesh.
You eat the chunk of flesh.
This raw flesh tastes terrible.
The giant cockroach is too close now for your liking.
You catch the helpless giant cockroach completely off-guard!
You puncture the giant cockroach!
You kill the giant cockroach!
No target in view!
No target in view!
You see here a rat corpse.
Found a ration.
A frilled lizard is nearby!
You see here a ration {!d}.
The helpless frilled lizard fails to defend itself.
You impale the frilled lizard!!
You kill the frilled lizard!
No target in view!
f - 8 rations {!d} (gained 1) Key pressed, stopping explore.
You see here a +0 club.
You see here a +0 flail.
There is a stone staircase leading up here.
q - a tiny garnet amulet You see here a +0 short sword.
Things that are here:
a +0 war axe; a +0 club; a +0 ring mail An adder comes into view.
Found a scroll of teleportation.
The helpless adder fails to defend itself.
You impale the adder!!
You kill the adder!
You see here an adder corpse.
d - 2 scrolls of teleportation {@r5!d} (gained 1) Done exploring.
You see here an adder corpse.
You butcher the adder corpse.
z - 2 chunks of flesh You see here an adder skeleton.
Things that are here:
a +0 chain mail; a +0 mace
There is a stone staircase leading down here.
You climb downwards.
An adder comes into view.
Found 27 arrows, two leather armours, 13 gold pieces and a glowing dagger.
There is a stone staircase leading up here.
Unknown command.
The helpless adder fails to defend itself.
You impale the adder!!
You kill the adder!
x - 47 arrows (gained 27)
You now have 139 gold pieces (gained 13).
y - 21 sling bullets
Found a stone staircase leading down.
Unknown command.
Found a war axe.
There is a stone staircase leading down here.
Sigmund the Dreaded comes into view.
He is wielding a +0 scythe.
Unknown command.
There is a stone staircase leading down here.
You see here a war axe.
A dart slug comes into view.
Found a ration.
Unknown command.
Found a stone staircase leading up.
The helpless dart slug fails to defend itself.
You impale the dart slug!!
You kill the dart slug!
You see here a dart slug corpse.
As you open the door, it creaks loudly!
Found a staircase to the Ecumenical Temple.
There is an open door here.
There is a staircase to the Ecumenical Temple here.
You climb downwards.
Welcome to the Ecumenical Temple!
There is a staircase back to the Dungeon here.
Unknown command.
Eating one of 2 chunks of flesh.
You eat one of the 2 chunks of flesh.
This raw flesh tastes terrible.
Found a hide-covered altar of Uskayaw.
Unknown command.
Found a radiant altar of Vehumet and a bloodstained altar of Trog.
Found a stormy altar of Qazlal.
Found an iron altar of Okawaru.
Found two altars.
There is a radiant altar of Vehumet here.
Found a deep blue altar of Sif Muna.
Found a shimmering altar of Xom.
Found a blossoming altar of Fedhas and a sacrificial altar of Ru.
Found a snail-covered altar of Cheibriados.
Saving game... please wait.
Welcome back, dstrtn the Octopode Wanderer.
Press ? for a list of commands and other information.
Saving game... please wait.
Welcome back, dstrtn the Octopode Wanderer.
Press ? for a list of commands and other information.
Unknown command.
Unknown command.
Unknown command.
Saving game... please wait.
Welcome back, dstrtn the Octopode Wanderer.
Press ? for a list of commands and other information.
Are you sure you want to abandon this character and quit the game? (Confirm with "yes".)

≈≈≈≈≈≈≈
≈≈≈≈≈≈≈≈≈...≈≈≈≈≈≈≈≈≈≈≈≈≈≈
≈≈≈≈≈≈≈≈≈...≈≈≈≈≈≈≈≈≈≈≈≈≈≈
≈≈≈≈≈≈≈≈≈...≈≈≈≈≈≈≈≈≈≈≈≈≈≈
≈≈≈≈≈≈≈≈≈...≈≈≈≈≈≈≈≈≈≈≈≈≈≈
≈≈≈≈≈≈≈≈≈...≈≈≈≈≈≈≈≈≈≈≈≈≈≈
≈≈≈≈≈≈≈≈≈...≈≈≈≈≈≈≈≈≈≈≈≈≈≈
≈≈≈≈≈≈≈≈.....≈≈≈≈≈≈≈≈≈≈≈≈≈
≈≈.......@.........≈≈≈≈≈≈≈
≈..._....._....._...≈≈≈≈≈≈
≈._..._._..._._..._.≈≈≈≈≈≈
≈..._....._....._...≈≈≈≈≈≈
≈≈.................≈≈≈≈≈≈≈
≈≈≈≈≈≈≈≈≈≈≈≈≈≈≈≈≈≈≈≈≈≈≈≈≈≈
≈≈≈≈≈≈≈≈≈≈≈≈≈≈≈≈≈≈≈≈≈≈≈≈≈≈
≈≈≈≈≈≈≈≈≈≈≈≈≈≈≈≈≈≈≈≈≈≈≈≈≈≈
≈≈≈≈≈≈≈≈≈≈≈≈≈≈≈≈≈≈≈


There were no monsters in sight!

Vanquished Creatures
  A phantom (D:3)
  2 orc priests (D:3)
  7 adders
  An ooze (D:3)
  5 worms
  A dart slug (D:4)
  3 leopard geckos
  4 orcs (D:3)
  8 bats
  4 giant cockroaches
  12 goblins
  6 hobgoblins
  2 jackals (D:2)
  13 kobolds
  A quokka (D:3)
  A ball python (D:2)
  4 frilled lizards
  8 rats
83 creatures vanquished.

Notes
Turn   | Place    | Note
-------+----------+-------------------------------------------
     0 | D:1      | dstrtn the Octopode Wanderer began the quest for the Orb.
     0 | D:1      | dstrtn set off with the following items: a +2 hand
                  | crossbow, 21 bolts, a potion of curing {@q1}, a scroll of
                  | teleportation {@r5!d}, a ration {!d}
     0 | D:1      | Reached XP level 1. HP: 14/14 MP: 3/3
     2 | D:1      | Noticed a naga
     2 | D:1      | Noticed a dwarf
     4 | D:1      | Noticed a demigod
     4 | D:1      | Noticed an elf
     6 | D:1      | Noticed a felid
     6 | D:1      | Noticed a gargoyle
     8 | D:1      | Noticed an octopode
     8 | D:1      | Noticed a spriggan
    10 | D:1      | Noticed a draconian
    10 | D:1      | Noticed a human
    12 | D:1      | Noticed an ogre
    16 | D:1      | Noticed a formicid
    16 | D:1      | Noticed a ghoul
    18 | D:1      | Noticed a demonspawn
    18 | D:1      | Noticed a troll
    20 | D:1      | Noticed a tengu
    20 | D:1      | Noticed a merfolk
    22 | D:1      | Noticed a halfling
    22 | D:1      | Noticed a vine stalker
    24 | D:1      | Noticed a centaur
    26 | D:1      | Noticed a minotaur
    26 | D:1      | Noticed a vampire
    80 | D:1      | Reached skill level 2 in Stealth
   245 | D:1      | Reached XP level 2. HP: 19/19 MP: 5/5
   249 | D:1      | Reached skill level 3 in Stealth
   604 | D:1      | Reached skill level 4 in Stealth
   621 | D:1      | Reached XP level 3. HP: 12/24 MP: 6/6
  1280 | D:2      | Reached skill level 5 in Stealth
  1436 | D:2      | Reached XP level 4. HP: 29/29 MP: 7/7
  2359 | D:3      | Noticed a phantom
  2379 | D:3      | Killed a phantom
  2379 | D:3      | Reached XP level 5. HP: 25/38 MP: 8/8
  2521 | D:3      | Reached skill level 1 in Short Blades
  2521 | D:3      | Reached XP level 6. HP: 31/44 MP: 9/9
  3325 | D:4      | Noticed Sigmund
  3355 | D:4      | Found a staircase to the Ecumenical Temple.
  3361 | Temple   | Entered the Ecumenical Temple
  3430 | Temple   | Upgraded the game from 0.24-a0-179-g7a2c91a to
                  | 0.24-a0-181-gd121a6d
  3430 | Temple   | Quit the game

Levels and vault maps discovered:
D:1:      kb_arrival_jail, layout_loops_ring
D:2:      minmay_wonky_spiral, layout_basic
D:3:      layout_loops_ring
D:4:      minmay_spotlight, layout_rooms, minmay_temple_entry_enclosed_plants,
          first_ration, hangedman_decor_diamond_cutter, uniq_sigmund
Temple:   minmay_temple_bridge_abc

Skill      XL: |  1  2  3  4  5  6 |
---------------+-------------------+-----
Stealth        | 2 4 5 |  5.2
Fighting       | 4 |  4.9
Short Blades   | 1 2 |  2.0
Crossbows      | |  3.0
Spellcasting   | |  2.0
Ice Magic      | |  1.0
Evocations     | |  1.1

Action                   |  1- 3 |  4- 6 || total
-------------------------+-------+-------++-------
Melee: Unarmed           |    20 |     6 ||    26
       Constrict         |     7 |    15 ||    22
       Tentacles         |     4 |    14 ||    18
       Dagger            |       |    48 ||    48
 Fire: Hand crossbow     |    40 |    34 ||    74
Throw: Tomahawk          |    30 |     9 ||    39
       Stone             |     3 |       ||     3
  Use: Scroll            |     1 |     2 ||     3
 Stab: Sleeping          |     5 |     8 ||    13
       Distracted        |       |     1 ||     1
  Eat: Chunk             |     1 |     7 ||     8
Armor: Skin              |    10 |     1 ||    11
Dodge: Dodged            |    32 |    21 ||    53

Table legend:
 A = Non-vault XP
 B = Vault XP
 C = Vault XP percentage of total XP
 D = Non-vault monster count
 E = Vault monster count
 F = Vault count percentage of total count
                 A         B        C        D         E       F
            +---------+---------+-------+---------+---------+-------
      Total |     437 |       8 |   1.8 |      80 |       3 |   3.6
            +---------+---------+-------+---------+---------+-------
        D:1 |      35 |       0 |   0.0 |      22 |       0 |   0.0
        D:2 |     101 |       8 |   7.3 |      24 |       3 |  11.1
        D:3 |     284 |       0 |   0.0 |      32 |       0 |   0.0
        D:4 |      17 |       0 |   0.0 |       2 |       0 |   0.0
            +---------+---------+-------+---------+---------+-------
